 Dungeon Crawl Stone Soup version 0.26-a0-976-gd3b5134375 (webtiles) character file.

Game seed: 2710960007480000004

815 Kraken2834 the Chopper (level 7, 0/99 HPs)
             Began as a Hill Orc Monk on Dec 5, 2020.
             Succumbed to a water moccasin's poison
             ... on level 5 of the Dungeon.
             The game lasted 00:16:17 (4280 turns).

Kraken2834 the Chopper (Hill Orc Monk)              Turns: 4280, Time: 00:16:18

Health: 0/99       AC: 27    Str: 16    XL:     7   Next: 94%
Magic:  7/7        EV:  2    Int: 10    God:
Gold:   152        SH:  0    Dex: 19    Spells: 6/6 levels left

rFire    . . .     SeeInvis .   l - +4 quarterstaff (chaos)
rCold    . . .     Faith    .   (shield currently unavailable)
rNeg     + + +     Spirit   .   (armour currently unavailable)
rPois    +         Reflect  .   (helmet currently unavailable)
rElec    .         Harm     .   (cloak currently unavailable)
rCorr    .         Rampage  .   (gloves currently unavailable)
MR       .....     NoTele   +   (boots currently unavailable)
Stlth    ++........             (no amulet)
HPRegen  0.26/turn              d - +6 ring of dexterity
MPRegen  0.10/turn              p - +4 ring of protection

@: lethally poisoned (0 -> -28), tree-form
A: no striking features
a: no special abilities


You were on level 5 of the Dungeon.
You were a tree.
You visited 1 branch of the dungeon, and saw 5 of its levels.

You collected 152 gold pieces.

Inventory:

Hand Weapons
 a - a +1 hand axe
 l - a +4 quarterstaff of chaos (weapon)
 m - a +1 hand axe of flaming
Armour
 b - a +0 robe
 f - a +0 ring mail
 g - a +0 chain mail (melded)
 j - a +0 pair of gloves (melded)
 o - a +0 cloak (melded)
Jewellery
 d - a +6 ring of dexterity (left branch)
 e - an uncursed ring of poison resistance
 k - an uncursed ring of wizardry
 p - a +4 ring of protection (right branch)
 s - a +4 ring of protection
 t - an uncursed ring of attention
Scrolls
 i - 2 scrolls of identify
 n - a scroll of remove curse
 q - a scroll of magic mapping
 r - a scroll of amnesia
Potions
 c - 2 potions of flight


   Skills:
 * Level 7.5 Fighting
 + Level 7.5 Axes
 + Level 4.6 Armour
 - Level 2.4 Dodging
 - Level 1.5 Stealth


You had 6 spell levels left.
You didn't know any spells.
Your spell library was empty.

Dungeon Overview and Level Annotations

Branches:
Dungeon (5/15)
 Temple: D:4-7

Altars:
Elyvilon
Kikubaaqudgha


Message History

The water moccasin is moderately wounded.
You feel sick. The water moccasin bites you.
* * * LOW HITPOINT WARNING * * *
You are lethally poisoned!
The water moccasin poisons you! The water moccasin bites you.
* * * LOW HITPOINT WARNING * * *
You are more poisoned.
The water moccasin poisons you!
Really quaff the potion of lignification?
You turn into a tree.
Your +0 cloak melds into your body.
Your +0 pair of gloves melds into your body.
Your +0 chain mail melds into your body.
Your roots penetrate the ground.
* * * LOW HITPOINT WARNING * * *
You feel sick.
The water moccasin bites you but does no damage.
You hit the water moccasin but do no damage.
Nothing appears to happen.
The water moccasin is moderately wounded.
You die...

........####.##
.#..##
......#.###.##
..5..##
.#...##.##.##
##......5
.##.###.###.##
##(# .##.# #.#
##.###.## #
.##.# #.#
##.#(## ..#
###.# #.# ##)##
#.... #.# .#
##(###......
#.#
#.cS♣†......
#.#
#((###.#.#..
..# #.)# ..
#..# .# #... ..
c... .. .S.###
. #.. #..


You could see a water moccasin (agile) and a centaur.

Vanquished Creatures
  The ghost of Perttuleena the Covered, an amateur GrWn (D:4)
  A black bear (D:4)
  2 centaurs (D:5)
  A scorpion (D:3)
  Crazy Yiuf (D:3)
  A centaur skeleton (D:5)
  An orc wizard (D:4)
  A bullfrog skeleton (D:4)
  2 worker ants (D:4)
  4 gnolls
  4 adders
  An ufetubus (D:5)
  3 oozes
  4 dart slugs
  2 worms
  5 leopard geckos
  2 orcs (D:3)
  4 giant cockroaches
  9 goblins
  9 hobgoblins
  10 kobolds
  4 quokkas
  4 ball pythons
  5 bats
  8 frilled lizards
  7 rats
96 creatures vanquished.

Vanquished Creatures (others)
  5 plants (D:1)
  4 toadstools (D:1)
  A withered plant (D:5)
10 creatures vanquished.

Grand Total: 106 creatures vanquished

Notes
Turn   | Place    | Note
-------+----------+-------------------------------------------
     0 | D:1      | Kraken2834 the Hill Orc Monk began the quest for the Orb.
     0 | D:1      | Reached XP level 1. HP: 19/19 MP: 1/1
    31 | D:1      | Reached XP level 2. HP: 6/27 MP: 2/2
   324 | D:1      | Reached skill level 1 in Armour
   344 | D:1      | Reached XP level 3. HP: 30/34 MP: 3/3
  1218 | D:2      | Found a white marble altar of Elyvilon.
  1348 | D:2      | Reached skill level 5 in Axes
  1348 | D:2      | Reached XP level 4. HP: 41/41 MP: 4/4
  1454 | D:2      | Found an ancient bone altar of Kikubaaqudgha.
  2065 | D:3      | Reached skill level 5 in Fighting
  2353 | D:3      | Reached XP level 5. HP: 47/48 MP: 5/5
  2876 | D:3      | Found a runed translucent door.
  2877 | D:3      | Noticed Crazy Yiuf
  3306 | D:3      | Paralysed by Crazy Yiuf for 3 turns
  3317 | D:3      | Killed Crazy Yiuf
  3318 | D:3      | Reached XP level 6. HP: 25/57 MP: 0/6
  3642 | D:4      | Found a white marble altar of Elyvilon.
  3784 | D:4      | Found a runed translucent gate.
  3784 | D:4      | Found a runed translucent gate.
  3784 | D:4      | Noticed a black bear
  3785 | D:4      | Noticed Perttuleena's ghost (amateur GrWn)
  3786 | D:4      | Found a runed translucent gate.
  3811 | D:4      | Killed a black bear
  3812 | D:4      | Reached XP level 7. HP: 64/64 MP: 7/7
  3830 | D:4      | Killed Perttuleena's ghost
  4204 | D:5      | Entered Level 5 of the Dungeon
  4278 | D:5      | HP: 3/66 [water moccasin (6)]
  4280 | D:5      | Succumbed to a water moccasin's poison

Illustrated notes

Levels and vault maps discovered:
D:1:      ldierk_water_garden, layout_rooms, serial_forest,
          infiniplex_forest_lined_room_2, infiniplex_forest_clump_diagonal,
          infiniplex_forest_clump_double, infiniplex_forest_clump_double,
          infiniplex_forest_lined_2, infiniplex_forest_clump_long
D:2:      layout_loops_ring, nicolae_overflow_crystal_walls,
          nicolae_overflow_hidden_temple
D:3:      minmay_chambers_of_threes, layout_rooms, minmay_stone_trees_large,
          uniq_crazy_yiuf_cottage
D:4:      layout_basic, gammafunk_ghost_split, elyvilon_altar_3
D:5:      layout_loops_ring, yredelemnul_altar_generic,
          minmay_temple_entry_waves, uniq_pikel

Skill      XL: |  1  2  3  4  5  6  7 |
---------------+----------------------+-----
Fighting       | 4 5 6 7 |  7.5
Armour         | 1 2 3 4 |  4.6
Axes           | 5 6 7 |  7.5
Dodging        | |  2.4
Stealth        | |  1.5

Action                   |  1- 3 |  4- 6 |  7- 9 || total
-------------------------+-------+-------+-------++-------
Melee: Hand axe          |    98 |   150 |       ||   248
       Quarterstaff      |       |    31 |    50 ||    81
  Use: Scroll            |       |     7 |     1 ||     8
       Potion            |       |     7 |     1 ||     8
 Stab: Sleeping          |     7 |     2 |       ||     9
Armor: Robe              |     8 |     6 |       ||    14
       Chain mail        |       |    48 |    41 ||    89
       Skin              |       |    56 |     4 ||    60
Dodge: Dodged            |    57 |    74 |    28 ||   159

Table legend: (Time is in decaauts)
 A = Elapsed time spent in this place.
 B = Non-inter-level travel time spent in this place.
 C = Inter-level travel time spent in this place.
 D = Time resting spent in this place.
 E = Time spent auto-exploring this place.
 F = Levels seen in this place.
 G = Mean time per level.
                   A        B        C        D        E       F      G
               +--------+--------+--------+--------+--------+-----+--------+
         Total |   4305 |   4170 |    135 |    737 |   2370 |   5 |  861.0 |
       Dungeon |   4305 |   4170 |    135 |    737 |   2370 |   5 |  861.0 |
               +--------+--------+--------+--------+--------+-----+--------+

Top non-repeatable levels by time:
     D:3: 1455 daAuts
     D:1: 1165 daAuts
     D:2: 887 daAuts
     D:4: 712 daAuts
     D:5: 84 daAuts
